 Dungeon Crawl Stone Soup version 0.32-a0-871-ge202e49faa (webtiles) character file.

Game seed: 12306277514547872275

646357 Biggs the Conqueror (level 27, -4/249 HPs)
             Began as a Coglin Hunter on Mar 29, 2024.
             Was a High Priest of Okawaru.
             Slain by an ettin (43 damage)
             ... spawned from a protean progenitor
             ... in Pandemonium.
             The game lasted 02:15:16 (55595 turns).

Biggs the Conqueror (Coglin Hunter)                Turns: 55595, Time: 02:15:16

Health: -4/249     AC: 24    Str: 11    XL:     27
Magic:  26/29      EV: 32    Int: 10    God:    Okawaru [*****.]
Gold:   2966       SH:  0    Dex: 27    Spells: 26/26 levels left

rFire   + . .        w - +9 hand cannon (freeze) {Xochipepe}
rCold   + + .        a - +9 sling (freeze) {Eunwoo}
rNeg    . . .        i - +3 troll leather armour
rPois   +            (helmet restricted)
rElec   +            E - +2 cloak
rCorr   +            M - +3 pair of gloves "Xatekhlu" {rElec rC+ Str-4}
SInv    .            Y - +3 pair of mountain boots {steadfast, rC+}
Will    ++...        (amulet unavailable)
Stlth   ++           (ring unavailable)
HPRegen 1.41/turn    (ring unavailable)
MPRegen 0.21/turn    d - ablative actuator {RevParry, rPois rCorr Slay+3}

%: no passive effects
@: about to teleport, fragile (+50% incoming damage), flying, studying 3 skills,
revved
A: off-hand wielding, slow wielding, warmup strikes, no jewellery, beak, fire
resistance 1, subdued magic 1, devolution 1, persistent drain
}: 6/15 runes: barnacled, slimy, silver, demonic, magical, gossamer
a: Renounce Religion, Heroism, Finesse, Duel


You were in Pandemonium.
You worshipped Okawaru.
Okawaru was extremely pleased with you.
You visited 11 branches of the dungeon, and saw 52 of its levels.
You visited Pandemonium 1 time, and saw 5 of its levels.
You visited the Abyss 1 time.
You also visited: Trove, Sewer, Ice Cave and Desolation.

You collected 8931 gold pieces.
You spent 5965 gold pieces at shops.

Inventory:

Hand Weapons
 a - a +9 sling of freezing (offhand) {Eunwoo}
 w - a +9 hand cannon of freezing (weapon) {Xochipepe}
 B - the +5 sling of Wyte Cee {speed, Str+5}
   (You found it on level 5 of the Pits of Slime)

   Str+5:     It affects your strength (+5).
Missiles
 k - 3 throwing nets
Armour
 i - a +3 troll leather armour (worn)
 j - a +2 helmet
 E - a +2 cloak (worn)
 M - the +3 pair of gloves "Xatekhlu" (worn) {rElec rC+ Str-4}
   (Okawaru gifted it to you on level 3 of the Lair of Beasts)

   Str-4:     It affects your strength (-4).
   rC+:       It protects you from cold.
   rElec:     It insulates you from electricity.
 W - the +0 pair of boots of Sharp the Leaf {*Slow rC+++ Str+3 Dex+2}
   (You found it on level 3 of the Elven Halls)

   Str+3:     It affects your strength (+3).
   Dex+2:     It affects your dexterity (+2).
   rC+++:     It renders you almost immune to cold.
   *Slow:     It may slow you when you take damage.
 Y - the +3 pair of mountain boots (worn) {steadfast, rC+}
   (You found it in the Desolation of Salt)

   Steadfast: It prevents involuntary movement, except for blinking,
   teleportation, or banishment.
   rC+:       It protects you from cold.
Gizmo
 d - an ablative actuator (installed) {RevParry, rPois rCorr Slay+3}
   (You invented it yourself on level 5 of the Lair of Beasts)

   [ablative actuator]

   RevParry:  Your AC increases as you Rev (up to +5) and while fully Revved,
   your attacks may disarm enemies.
   Slay+3:    It affects your accuracy & damage with ranged weapons and melee
   (+3).
   rPois:     It protects you from poison.
   rCorr:     It protects you from acid and corrosion.
Talismans
 n - the death talisman "Biesagi" {Fly rF+ Slay+3 Stlth-}
   (You bought it in a shop on level 1 of the Depths)

   [talisman of death]

   Slay+3:    It affects your accuracy & damage with ranged weapons and melee
   (+3).
   rF+:       It protects you from fire.
   Fly:       It grants you flight.
   Stlth-:    It makes you less stealthy.
Wands
 g - a wand of digging (20)
 z - a wand of flame (115)
 F - a wand of roots (59)
 G - a wand of mindburst (22)
 I - a wand of polymorph (38)
 L - a wand of quicksilver (32)
Scrolls
 b - a scroll of blinking
 c - 11 scrolls of amnesia
 l - 8 scrolls of silence
 m - 10 scrolls of teleportation
 o - 14 scrolls of poison
 y - 13 scrolls of revelation
 A - 38 scrolls of identify
 H - 13 scrolls of immolation
 O - a scroll of enchant weapon
 P - 2 scrolls of brand weapon
 R - 5 scrolls of fear
 S - 7 scrolls of fog
 V - 2 scrolls of enchant armour
Potions
 e - 8 potions of might
 f - 10 potions of brilliance
 h - 6 potions of haste
 p - 7 potions of attraction
 q - 3 potions of resistance
 r - 14 potions of curing
 s - 9 potions of magic
 t - 3 potions of cancellation
 u - 12 potions of mutation
 x - a potion of berserk rage {unknown}
 C - 12 potions of lignification
 J - a potion of experience {unknown}
 K - 2 potions of heal wounds
 Q - 5 potions of enlightenment {unknown}
 T - 5 potions of ambrosia
 U - 4 potions of invisibility {unknown}
Miscellaneous
 v - a Gell's gravitambourine (1/2)
 N - a lightning rod (4/4)
 X - a condenser vane


   Skills:
 O Level 27 Fighting
 - Level 18.0 Ranged Weapons
 - Level 8.6 Armour
 - Level 21.6 Dodging
 - Level 0.7 Stealth
 - Level 8.0 Invocations
 + Level 21.2 Shapeshifting


You had 26 spell levels left.
You didn't know any spells.
Your spell library contained the following spells:

 Spells                   Type           Power      Damage    Failure   Level
 Apportation              Tloc           0%         N/A       38%         1
 Foxfire                  Conj/Fire      0%         2x1d4     38%         1
 Freeze                   Ice            0%         1d3       38%         1
 Kiss of Death            Conj/Necr      0%         2d5       38%         1
 Magic Dart               Conj           0%         1d3       38%         1
 Necrotise                Necr           0%         1d4       38%         1
 Sandblast                Erth           0%         2d4       38%         1
 Shock                    Conj/Air       0%         1d3       38%         1
 Sting                    Conj/Alch      0%         1d3       38%         1
 Blink                    Tloc           0%         N/A       52%         2
 Cigotuvi's Dreadful Rot  Necr/Alch/Air  0%         N/A       52%         2
 Ensorcelled Hibernation  Hex/Ice        0%         N/A       52%         2
 Jinxbite                 Hex            0%         N/A       52%         2
 Lesser Beckoning         Tloc           0%         N/A       52%         2
 Momentum Strike          Conj/Tloc      0%         3d8       52%         2
 Searing Ray              Conj           0%         2d4       52%         2
 Confusing Touch          Hex            0%         N/A       77%         3
 Dazzling Flash           Conj/Hex       0%         N/A       77%         3
 Frozen Ramparts          Ice            0%         1d1       77%         3
 Hailstorm                Conj/Ice       0%         3d5       77%         3
 Ozocubu's Armour         Ice            0%         N/A       77%         3
 Passwall                 Erth           0%         N/A       77%         3
 Sigil of Binding         Hex            0%         N/A       77%         3
 Stone Arrow              Conj/Erth      0%         3d7       77%         3
 Swiftness                Air            0%         N/A       77%         3
 Teleport Other           Tloc           0%         N/A       77%         3
 Volatile Blastmotes      Fire/Tloc      0%         2d10      77%         3
 Airstrike                Air            0%         2d(0-16)  99%         4
 Brom's Barrelling Bould  Conj/Erth      0%         2d3       99%         4
 Dispel Undead            Necr           0%         3d6       99%         4
 Fulminant Prism          Conj/Alch      0%         3d5       99%         4
 Ignite Poison            Fire/Alch      0%         N/A       99%         4
 Iskenderun's Mystic Bla Conj/Tloc 0%             2d3        (+2d1     99%         4
 Leda's Liquefaction      Alch/Erth      0%         N/A       99%         4
 Maxwell's Portable Pile  Tloc           0%         2d(5-10)  99%         4
 Olgreb's Toxic Radiance  Alch           0%         N/A       99%         4
 Passage of Golubria      Tloc           0%         N/A       99%         4
 Vhi's Electric Charge    Tloc/Air       0%         N/A       99%         4
 Alistair's Intoxication  Alch           0%         N/A       100%        5
 Arcjolt                  Conj/Air       0%         1d10      100%        5
 Borgnjor's Vile Clutch   Necr/Erth      0%         N/A       100%        5
 Fireball                 Conj/Fire      0%         3d3       100%        5
 Freezing Cloud           Conj/Ice/Air   0%         6-21      100%        5
 Iskenderun's Battlesphe  Conj           0%         2d6       100%        5
 Lee's Rapid Deconstruct  Erth           0%         3d4*      100%        5
 Metabolic Englaciation   Hex/Ice        0%         N/A       100%        5
 Yara's Violent Unravell  Hex/Alch       0%         3d3       100%        5
 Bombard                  Conj/Erth      0%         9d1       100%        6
 Conjure Ball Lightning   Conj/Air       0%         3x3d6     100%        6
 Dispersal                Tloc           0%         N/A       100%        6
 Eringya's Noxious Bog    Alch           0%         4d6       100%        6
 Gell's Gavotte           Tloc           0%         2d(11-16) 100%        6
 Permafrost Eruption      Ice/Erth       0%         2x4d2     100%        6
 Plasma Beam              Fire/Air       0%         2x1d10    100%        6
 Starburst                Conj/Fire      0%         6d3       100%        6
 Manifold Assault         Tloc           0%         N/A       100%        7
 Ozocubu's Refrigeration  Ice            0%         4d7       100%        7
 Discord                  Hex            0%         N/A       100%        8
 Disjunction              Tloc           0%         N/A       100%        8
 Lehudib's Crystal Spear  Conj/Erth      0%         10d2      100%        8
 Maxwell's Capacitive Co  Air            0%         ∞         100%        8
 Chain Lightning          Conj/Air       0%         N/A       100%        9
 Summon Small Mammal      Summ           Unusable   N/A       N/A         1
 Tukima's Dance           Hex            Unusable   N/A       N/A         3
 Animate Armour           Summ/Erth      Unusable   N/A       N/A         4
 Animate Dead             Necr           Unusable   N/A       N/A         4
 Summon Forest            Summ/Tloc      Unusable   N/A       N/A         5
 Death Channel            Necr           Unusable   N/A       N/A         6
 Sculpt Simulacrum        Ice/Alch       Unusable   N/A       N/A         6
 Spellforged Servitor     Conj/Summ      Unusable   N/A       N/A         7
 Summon Hydra             Summ           Unusable   N/A       N/A         7

Dungeon Overview and Level Annotations

Branches:
Dungeon (15/15)            Temple (1/1) D:6            Lair (5/5) D:10
 Shoals (4/4) Lair:3       Spider (4/4) Lair:3        Slime (5/5) Lair:4
    Orc (2/2) D:9             Elf (3/3) Orc:2        Vaults (5/5) D:14
  Crypt (0/3) Vaults:2     Depths (4/4) D:15            Zot (4/5) Depths:4
  Sewer (visited)           IceCv (visited)         Desolation (visited)

Altars:
Ashenzari
Cheibriados
Dithmenos
Elyvilon
Fedhas
Gozag
Hepliaklqana
Kikubaaqudgha
Makhleb
Nemelex Xobeh
Okawaru
Qazlal
Ru
Sif Muna
Trog
Uskayaw
Vehumet
Wu Jian
Xom
Yredelemnul
Zin
The Shining One
Beogh
Jiyva

Shops:
D:3 ?   D:11 !((=[   Orc:2 (*?:   Elf:2 *:   Shoals:3 :   Vaults:2 ?!(
Vaults:3 [   Vaults:4 :   Depths:1 =:=

Portals:
Hell: Depths:1 Depths:2 Depths:3 Depths:4
Abyss: Depths:3 Depths:4
Pandemonium: Depths:1 Depths:2
Ziggurat: Depths:2

Annotations:
D:3 1 runed translucent door, exclusion: upstairs
D:6 3 runed translucent doors, DeathSocks's ghost, weakling VSDe
D:14 2 transporters, Archoef's ghost, journeyman HOFi
Lair:1 3 runed translucent doors, Joejoil's ghost, journeyman DrSu


Innate Abilities, Weirdness & Mutations

You can wield a second weapon in your off-hand.
It takes a long time for you to wield or remove held weapons.
Your first few attacks do less damage.
You cannot equip rings or amulets.
You have a beak for a mouth.
Your flesh is heat resistant. (rF+)
Your spells are a little easier to cast, but a little less powerful.
You have hidden genetic defects.
Your health recovers twice as slowly from being drained.


Message History

The neqoxec gestures at you.
Strange energies course through your body.
You begin to recover more slowly from draining effects.
The cacodemon gestures at you.
Your body becomes as fragile as glass!
The protean progenitor completely misses you.
The ettin completely misses you. The ettin barely misses you.
You shoot a sling bullet.
The sling bullet hits the protean progenitor!
The sling bullet freezes the protean progenitor.
The protean progenitor is almost dead.
You shoot a slug. The slug hits the protean progenitor!!
The slug freezes the protean progenitor.
For just a moment, the protean progenitor begins to look like an orb spider, then it explodes!
Okawaru accepts your kill. The ettin completely misses you.
The ettin hits you but does no damage.
The boulder beetle curls into a ball and begins rolling!
The ettin hits you!! The ettin completely misses you.
The cacodemon hits you but does no damage.
The cacodemon completely misses you.
The boulder beetle curls into a ball and begins rolling!
The ettin completely misses you. The ettin barely misses you.
As you read the scroll of teleportation, it crumbles to dust.
You feel strangely unstable. The ettin completely misses you.
The ettin hits you! The ettin completely misses you. The ettin misses you.
The neqoxec completely misses you. The cacodemon misses you.
The cacodemon completely misses you. The ettin barely misses you. x2
Unknown command.
You feel much better. The ettin hits you!! The ettin barely misses you.
The boulder beetle completely misses you.
The boulder beetle stops rolling and uncurls.
The ettin hits you but does no damage. The ettin hits you!!
* * * LOW HITPOINT WARNING * * *
The neqoxec misses you. The cacodemon barely misses you.
The cacodemon completely misses you.
The boulder beetle stops rolling and uncurls.
The ettin hits you!
* * * LOW HITPOINT WARNING * * *
The ettin hits you!!
You die...

... #..... ##..
##...... .#
.'... ##.......
.# #...##.°....
.# #.....°*...
.# #..°.○B..##
.# #...○C2B..##
.#........#
#@3.**##
.#........'
##C....## #.
.#........#
##.....## #..
.#........#
##.....####..#..
.#........#
##.....##.....#
.#........#
##..........##
.#........#
##........##.
.##'#######
##......##..
...........
##......##..


You could see 3 aspiring fleshes, a cacodemon, 2 boulder beetles, 2 ettins and a
neqoxec.

Vanquished Creatures
  the Royal Jelly (Slime:5)
  Lom Lobon (Pan)
  3 dread liches (Vaults:5)
  An orb of fire (Zot:2)
  An ancient lich (Vaults:5)
  3 juggernauts
  A curse toe (Zot:2)
  9 golden dragons
  Nikola (Spider:3)
  Arachne (Spider:3)
  Norris (Depths:2)
  A bone dragon (Depths:4)
  An electric golem (Zot:4)
  A Tzitzimitl (Pan)
  2 Brimstone Fiends (Pan)
  Rupert (D:14)
  17 tentacled monstrosities
  A walking crystal tome (Depths:3)
  3 liches
  2 Hell Sentinels (Pan)
  A walking earthen tome (Depths:3)
  3 Ice Fiends (Pan)
  6 quicksilver dragons
  7 titans
  26 acid blobs
  2 deep elf blademasters (Elf:3)
  2 deep elf master archers (Elf:3)
  Asterion (Vaults:3)
  8 sphinxes
  3 Executioners (Pan)
  Kirke (D:15)
  Polyphemus (Shoals:4)
  5 death cobs
  10 tengu reavers
  14 storm dragons
  Agnes (D:15)
  8 protean progenitors
  8 shadow dragons
  11 azure jellies
  6 frost giants
  Donald (Spider:2)
  A nagaraja (Pan)
  2 demonspawn warmongers (Pan)
  2 iron dragons
  Ilsuiw (Shoals:4)
  13 rockslimes
  A draconian knight (Zot:3)
  7 deep elf sorcerers
  8 fire giants
  A draconian shifter (Depths:4)
  4 draconian scorchers
  5 emperor scorpions
  An imperial myrmidon (Desolation)
  Louise (Shoals:1)
  2 draconian stormcallers
  13 vault wardens
  2 balrugs (Pan)
  4 deep elf elementalists
  13 cacodemons (Pan)
  5 ghost moths
  5 formless jellyfish
  2 orc warlords
  4 reapers
  4 draconian annihilators
  18 ironbound preservers
  12 stone giants
  8 demonspawn corrupters (Pan)
  2 deep elf demonologists (Elf:3)
  3 broodmothers
  11 quicksilver oozes
  23 very ugly things
  3 demonspawn blood saints (Pan)
  3 green draconians
  An elemental wellspring (Shoals:3)
  8 deep elf annihilators
  8 ironbound thunderhulks
  4 vampire knights
  4 black draconians
  4 white draconians
  A spark wasp (Zot:4)
  A lorocyproca (Pan)
  5 deep elf death magi
  2 dire elephants (Vaults:4)
  4 halazid warlocks (Desolation)
  3 war gargoyles (Vaults:5)
  2 bunyips (Zot:4)
  4 red draconians
  5 demonspawn black suns (Pan)
  8 yellow draconians
  6 purple draconians
  16 ettins
  An eidolon (Vaults:2)
  7 green deaths (Pan)
  11 deep elf high priests
  6 blizzard demons (Pan)
  A crystal guardian (Desolation)
  9 merfolk javelineers
  A jiangshi (Vaults:2)
  Josephine (D:11)
  5 merfolk impalers
  5 entropy weavers
  11 great orbs of eyes
  5 fire dragons
  A spriggan zombie (Depths:1)
  4 hydras
  8 servants of whispers (Desolation)
  25 vault guards
  8 yaktaur captains
  12 ragged hierophants (Desolation)
  A hell beast (Pan)
  2 catoblepae
  13 ice dragons
  8 rakshasas
  3 jorogumos
  4 radroaches
  9 peacekeepers
  12 ironbound frosthearts
  6 merfolk aquamancers
  2 alligators (Zot:2)
  6 ogre magi
  A spriggan air mage (Depths:2)
  An alligator snapping turtle (Shoals:4)
  2 merfolk avatars
  12 two-headed ogres
  32 dancing weapons
  A torpor snail (shapeshifter) (Vaults:5)
  10 boulder beetles
  16 centaur warriors
  A vampire mage (Vaults:2)
  7 death yaks
  A satyr (Shoals:4)
  8 deep troll shamans
  6 demonic crawlers
  8 deep troll earth magi
  2 tengu warriors
  Urug (D:10)
  2 spriggan berserkers (Depths:1)
  An orc high priest (Orc:2)
  7 sun demons (Pan)
  22 deep elf knights
  3 spriggans (Depths:1)
  6 hell knights (Depths:3)
  4 occultists
  9 skysharks
  2 soul eaters (Pan)
  A skyshark (shapeshifter) (Vaults:5)
  8 skeletal warriors
  12 iron trolls
  5 pharaoh ants
  12 sea snakes
  11 sixfirhies (Pan)
  A storm dragon skeleton (Depths:1)
  An arcanist (Vaults:3)
  3 orb spiders
  2 flayed ghosts
  10 deep elf archers
  A sun moth (Spider:3)
  9 glowing orange brains
  7 shadow demons
  13 ironbound convokers
  An obsidian bat (Orc:2)
  65 deep trolls
  6 necromancers
  12 lindwurms
  A lindwurm (shapeshifter) (Vaults:5)
  12 steelbarb worms
  4 thermic dynamos
  25 harpies
  31 deep elf pyromancers
  4 phantasmal warriors
  12 orc knights
  14 deep elf zephyrmancers
  4 shining eyes
  16 ugly things
  5 orc sorcerers
  7 cyclopes
  20 wolf spiders
  14 manticores
  A manticore (shapeshifter) (D:14)
  7 fauns (Shoals:4)
  A shining eye (shapeshifter) (Depths:1)
  A moth of wrath (shapeshifter) (Depths:4)
  2 human zombies (Vaults:4)
  8 meliai
  13 elephants
  A fire giant zombie (Depths:1)
  A mana viper (shapeshifter) (Vaults:5)
  A kobold blastminer (Orc:2)
  3 human skeletons
  13 moths of wrath
  3 guardian serpents (Desolation)
  3 rust devils
  A gargoyle (D:12)
  10 merfolk sirens
  3 black mambas
  A guardian serpent (shapeshifter) (Depths:3)
  12 large abominations (Pan)
  17 vault sentinels
  10 water nymphs
  7 torpor snails
  12 orange demons (Pan)
  3 eyes of devastation
  10 cane toads
  24 smoke demons
  2 hellions (Pan)
  A yaktaur zombie (Vaults:3)
  5 rime drakes
  7 komodo dragons
  37 yaktaurs
  4 tengu conjurers
  A freezing wraith (Vaults:5)
  A red devil (Pan)
  A golden dragon simulacrum (Vaults:3)
  17 merfolk
  7 trolls
  6 polar bears
  19 tarantellas
  13 hellwings (Pan)
  A raiju (shapeshifter) (D:14)
  4 wind drakes
  Grinder (D:5)
  12 blink frogs
  12 dream sheep
  11 snapping turtles
  5 hornets
  71 saltlings
  5 glass eyes
  35 jumping spiders
  A dream sheep (shapeshifter) (Depths:3)
  An ettin zombie (Vaults:4)
  77 slime creatures
  22 culicivoras
  An air elemental (Elf:1)
  A centaur simulacrum (D:11)
  7 water elementals
  3 shadows
  A vampire (D:11)
  7 humans (D:15)
  8 ynoxinuls (Pan)
  A basilisk (shapeshifter) (D:14)
  3 fire elementals
  4 wraiths
  7 basilisks
  7 wyverns
  33 yaks
  9 neqoxecs (Pan)
  7 golden eyes (Slime:5)
  8 vampire mosquitoes
  7 chaos spawn (Pan)
  5 wargs
  A steam dragon (Lair:5)
  A human simulacrum (Vaults:4)
  40 redbacks
  A redback simulacrum (D:15)
  An acid dragon (D:8)
  9 water moccasins
  A glowing shapeshifter zombie (Vaults:3)
  A glowing shapeshifter skeleton (Depths:1)
  16 orc warriors
  An ice beast (D:7)
  7 black bears
  A sky beast (D:6)
  7 ogres
  14 wolves
  16 centaurs
  A boggart (Vaults:1)
  3 kobold brigands
  17 bullfrogs
  An earth elemental (Elf:1)
  A gnoll sergeant (D:8)
  3 scorpions
  7 wights
  13 killer bees
  2 electric eels
  3 howler monkeys
  4 hounds
  6 jellies (Lair:4)
  5 orc priests
  2 sleepcaps
  5 iguanas
  11 orc wizards
  A boggart simulacrum (D:14)
  5 gnolls (D:8)
  20 adders
  A river rat (D:4)
  A shadow imp (D:6)
  A white imp (D:6)
  A dart slug (D:3)
  46 orcs
  4 bats
  7 endoplasms
  3 giant cockroaches
  11 goblins
  7 hobgoblins
  3 jackals (D:1)
  20 kobolds
  7 quokkas
  15 ball pythons
  2 frilled lizards (D:2)
  A kobold zombie (D:3)
  31 rats
  An aspiring flesh (Zot:4)
  8 ball lightnings (Pan)
2211 creatures vanquished.

Vanquished Creatures (others)
  A pandemonium lord (Pan)
  A lich (Depths:3)
  An occultist (Depths:3)
  A deep elf knight (Elf:1)
  A saltling (Desolation)
  An orc wizard (D:8)
  12 ball lightnings (Pan)
18 creatures vanquished.

Grand Total: 2229 creatures vanquished

Notes
Turn   | Place    | Note
-------+----------+-------------------------------------------
     0 | D:1      | Biggs the Coglin Hunter began the quest for the Orb.
     0 | D:1      | Reached XP level 1. HP: 16/16 MP: 1/1
    37 | D:1      | Reached XP level 2. HP: 20/22 MP: 2/2
   251 | D:1      | Reached XP level 3. HP: 27/27 MP: 3/3
   322 | D:1      | Found a faded altar of an unknown god.
  1141 | D:2      | Reached skill level 5 in Ranged Weapons
  1141 | D:2      | Reached XP level 4. HP: 28/33 MP: 4/4
  2413 | D:3      | Noticed a human
  2414 | D:3      | Found a runed translucent door.
  2419 | D:3      | Found a basalt altar of Yredelemnul.
  2490 | D:3      | Found Jupsuat's Magic Scroll Shoppe.
  2493 | D:3      | Bought a scroll of identify for 26 gold pieces
  2493 | D:3      | Bought a scroll of identify for 26 gold pieces
  2493 | D:3      | Bought a scroll of identify for 26 gold pieces
  2493 | D:3      | Bought a scroll of identify for 26 gold pieces
  2596 | D:3      | Reached XP level 5. HP: 38/38 MP: 5/5
  2760 | D:4      | Noticed a centaur
  2764 | D:4      | Killed a centaur
  2765 | D:4      | Noticed a centaur
  2770 | D:4      | Killed a centaur
  2771 | D:4      | Reached XP level 6. HP: 20/44 MP: 6/6
  3072 | D:4      | Found a glowing drain.
  3082 | Sewer    | Entered a sewer
  3149 | Sewer    | Reached XP level 7. HP: 50/50 MP: 7/7
  3796 | D:5      | Entered Level 5 of the Dungeon
  4151 | D:5      | Noticed Grinder
  4160 | D:5      | Killed Grinder
  4161 | D:5      | Reached XP level 8. HP: 55/56 MP: 8/8
  4486 | D:6      | Found a runed translucent gate.
  4486 | D:6      | Found a runed translucent gate.
  4486 | D:6      | Found a runed translucent gate.
  4489 | D:6      | Identified the +5 chain mail of Objectivity {rElec Int+2
                  | Stlth+}
  4490 | D:6      | Noticed DeathSocks's ghost (weakling VSDe)
  4719 | D:6      | Reached skill level 10 in Dodging
  4790 | D:6      | Found a staircase to the Ecumenical Temple.
  4815 | Temple   | Entered the Ecumenical Temple
  4825 | Temple   | Became a worshipper of Warmaster Okawaru
  4904 | D:6      | Reached XP level 9. HP: 61/61 MP: 9/9
  5120 | D:6      | Found a roughly hewn altar of Beogh.
  5214 | D:7      | Reached skill level 3 in Fighting
  5384 | D:7      | Reached * piety under Okawaru
  5569 | D:7      | Reached skill level 4 in Fighting
  5578 | D:7      | Noticed a cyclops
  5591 | D:7      | Killed a cyclops
  5592 | D:7      | Reached skill level 5 in Fighting
  6141 | D:8      | Reached ** piety under Okawaru
  6607 | D:8      | Reached XP level 10. HP: 74/74 MP: 10/10
  6635 | D:8      | Reached skill level 10 in Ranged Weapons
  6643 | D:8      | Found a stormy altar of Qazlal.
  6866 | D:8      | Noticed a six-headed hydra
  7315 | D:9      | Reached *** piety under Okawaru
  7539 | D:9      | Found a staircase to the Orcish Mines.
  7867 | D:10     | Entered Level 10 of the Dungeon
  8023 | D:10     | Found a shadowy altar of Dithmenos.
  8433 | D:10     | Reached **** piety under Okawaru
  8559 | D:10     | Found a portal to a secret trove of treasure.
  8597 | D:10     | Reached XP level 11. HP: 66/79 MP: 11/11
  8698 | D:10     | Found a staircase to the Lair.
  9022 | D:10     | Noticed Urug
  9063 | D:11     | Reached ***** piety under Okawaru
  9128 | D:11     | Found Danov's Jewellery Shoppe.
  9150 | D:11     | Found a broken altar of Ashenzari.
  9243 | D:11     | Noticed Josephine
  9260 | D:11     | Killed Josephine
  9260 | D:11     | Received a gift from Okawaru
  9291 | D:11     | HP: 1/79 [wraith[Josephine] (10)]
  9294 | D:11     | Found Hikligh's Antique Weapon Boutique.
  9604 | D:10     | Noticed a two-headed ogre
  9616 | D:10     | Killed a two-headed ogre
  9851 | Lair:1   | Entered Level 1 of the Lair of Beasts
  9865 | Lair:1   | Reached skill level 1 in Armour
 10001 | Lair:1   | Found a runed translucent gate.
 10001 | Lair:1   | Found a runed translucent gate.
 10001 | Lair:1   | Found a runed translucent gate.
 10213 | Lair:1   | Found a frozen archway.
 10218 | Lair:1   | Noticed Joejoil's ghost (journeyman DrSu)
 10219 | Lair:1   | Noticed an ice dragon
 10229 | IceCv    | Entered an ice cave
 10436 | IceCv    | Noticed a death yak
 10460 | Lair:1   | Reached skill level 6 in Fighting
 10601 | Lair:1   | Reached skill level 7 in Fighting
 10840 | Lair:1   | Reached XP level 12. HP: 79/91 MP: 12/12
 10921 | Lair:1   | Received a gift from Okawaru
 11132 | Lair:1   | Reached skill level 8 in Fighting
 11666 | Lair:2   | Reached skill level 9 in Fighting
 12112 | Lair:2   | Noticed an eight-headed hydra
 12124 | Lair:2   | Killed an eight-headed hydra
 12373 | Lair:3   | Reached skill level 10 in Fighting
 12586 | Lair:3   | Reached ****** piety under Okawaru
 12593 | Lair:3   | Received a gift from Okawaru
 12671 | Lair:3   | Acquired the +3 pair of gloves "Xatekhlu" {rElec rC+ Str-4}
 12671 | Lair:3   | Received a gift from Okawaru
 12684 | Lair:3   | Acquired a +6 hand cannon of freezing
 12684 | Lair:3   | Received a gift from Okawaru
 13002 | Lair:3   | Found a hole to the Spider Nest.
 13074 | Lair:3   | Noticed a death yak
 13076 | Lair:3   | Received a gift from Okawaru
 13076 | Lair:3   | Noticed a death yak
 13101 | Lair:3   | Reached skill level 15 in Ranged Weapons
 13107 | Lair:3   | Killed a death yak
 13107 | Lair:3   | Noticed a death yak
 13107 | Lair:3   | Noticed a death yak
 13323 | Lair:3   | Reached XP level 13. HP: 104/104 MP: 13/13
 13963 | Lair:3   | Found a staircase to the Shoals.
 14200 | Lair:3   | Received a gift from Okawaru
 14344 | Lair:4   | Found a staircase to the Slime Pits.
 14345 | Lair:4   | Found a viscous altar of Jiyva.
 14381 | Lair:4   | Found an opulent altar of Gozag.
 14476 | Lair:4   | Received a gift from Okawaru
 14585 | Lair:4   | Found a transporter.
 14763 | Lair:4   | Found a transporter.
 15333 | Lair:5   | Entered Level 5 of the Lair of Beasts
 15725 | Lair:5   | Received a gift from Okawaru
 15737 | Lair:5   | Reached XP level 14. HP: 94/111 MP: 14/14
 15737 | Lair:5   | Acquired an ablative actuator {RevParry, rPois rCorr
                  | Slay+3}
 15851 | Lair:5   | Reached skill level 11 in Fighting
 15961 | Lair:5   | Identified the +9 rapier of Baoh {freeze, ^Drain rElec
                  | rCorr Stlth+}
 16054 | Lair:5   | Found a white marble altar of Elyvilon.
 16330 | D:10     | Found a hazy altar of Hepliaklqana.
 16642 | D:10     | Killed Urug
 16683 | D:11     | Found Nusmara's Antique Weapon Shop.
 16765 | D:11     | Found Nebimnu's Antique Armour Emporium.
 16824 | D:11     | Found Ereky's Distillery.
 16829 | D:11     | Bought 2 potions of curing for 78 gold pieces
 16829 | D:11     | Bought a potion of curing for 39 gold pieces
 16829 | D:11     | Bought a potion of mutation for 104 gold pieces
 17282 | D:12     | Reached skill level 12 in Fighting
 17672 | D:12     | Received a gift from Okawaru
 18096 | Shoals:1 | Entered Level 1 of the Shoals
 18117 | Shoals:1 | Reached skill level 13 in Fighting
 18282 | Orc:1    | Entered Level 1 of the Orcish Mines
 18296 | Orc:1    | Reached skill level 1 in Invocations
 18468 | Orc:2    | Entered Level 2 of the Orcish Mines
 18519 | Orc:2    | Found a roughly hewn altar of Beogh.
 18533 | Orc:2    | Found a staircase to the Elven Halls.
 18540 | Orc:2    | Received a gift from Okawaru
 18960 | Orc:2    | Received a gift from Okawaru
 18967 | Orc:2    | Reached skill level 5 in Invocations
 18994 | Orc:2    | Found Cietolil's Weapon Boutique.
 18995 | Orc:2    | Found a roughly hewn altar of Beogh.
 18996 | Orc:2    | Found Fafuol's Assorted Antiques.
 19041 | Orc:2    | Found Jonaff Juoz's Book Shoppe.
 19141 | Orc:2    | Found Leqoekkyli's Magic Scroll Shop.
 19141 | Orc:2    | Noticed an orc warlord
 19149 | Orc:2    | Reached XP level 15. HP: 105/123 MP: 19/19
 19151 | Orc:2    | Paralysed by an orc sorcerer for 2 turns
 19170 | Orc:2    | Killed an orc warlord
 19220 | Orc:2    | Bought a scroll of teleportation for 42 gold pieces
 19220 | Orc:2    | Bought a scroll of teleportation for 42 gold pieces
 19220 | Orc:2    | Bought a scroll of blinking for 105 gold pieces
 19240 | Orc:2    | Bought a scroll of revelation for 202 gold pieces
 19506 | Shoals:1 | Noticed Louise
 19513 | Shoals:1 | Killed Louise
 19546 | Shoals:1 | Received a gift from Okawaru
 19557 | Shoals:1 | Identified the +0 ring mail of Sin {rElec rCorr MP+9}
 20469 | Shoals:2 | Received a gift from Okawaru
 20470 | Shoals:2 | Reached skill level 14 in Fighting
 20866 | Shoals:3 | Reached skill level 15 in Fighting
 20990 | Shoals:3 | Received a gift from Okawaru
 21255 | Shoals:3 | Found Moinwid's Book Shop.
 21261 | Shoals:3 | Reached XP level 16. HP: 138/138 MP: 22/22
 21413 | Shoals:3 | Identified a scroll of acquirement
 21415 | Shoals:3 | Acquired 1361 gold pieces
 21418 | Shoals:4 | Entered Level 4 of the Shoals
 21477 | Shoals:4 | Identified the +10 broad axe of Propriety {flame, rElec
                  | Will- Dex+3}
 21528 | Shoals:4 | Noticed Polyphemus
 21532 | Shoals:4 | Reached skill level 5 in Armour
 21538 | Shoals:4 | Killed Polyphemus
 21542 | Shoals:4 | Received a gift from Okawaru
 21678 | Shoals:4 | Received a gift from Okawaru
 21731 | Shoals:4 | Noticed Ilsuiw
 21971 | Shoals:4 | Killed Ilsuiw
 22013 | Shoals:4 | Identified the +11 morningstar of Upheaval {freeze,
                  | *Corrode Str+5 Dex+6}
 22074 | Shoals:4 | Got a barnacled rune of Zot
 22103 | Shoals:4 | Received a gift from Okawaru
 22398 | Spider:1 | Entered Level 1 of the Spider Nest
 22709 | Spider:1 | Received a gift from Okawaru
 22735 | Spider:1 | Identified the +8 spear of Light {freeze, rC+ rN+ Str+3
                  | Dex-4}
 22982 | Spider:2 | Reached XP level 17. HP: 135/144 MP: 23/23
 23205 | Spider:2 | Received a gift from Okawaru
 23485 | Spider:2 | Noticed Donald
 23488 | Spider:2 | Killed Donald
 23822 | Spider:3 | Noticed Arachne
 23849 | Spider:3 | Killed Arachne
 23849 | Spider:3 | Received a gift from Okawaru
 23999 | Spider:3 | Reached skill level 15 in Dodging
 24532 | Spider:3 | Noticed Nikola
 24549 | Spider:3 | Killed Nikola
 24549 | Spider:3 | Received a gift from Okawaru
 24786 | Spider:4 | Entered Level 4 of the Spider Nest
 25167 | Spider:4 | Reached skill level 16 in Fighting
 25182 | Spider:4 | Received a gift from Okawaru
 25514 | Spider:4 | Reached XP level 18. HP: 112/153 MP: 0/24
 25714 | Spider:4 | Reached skill level 17 in Fighting
 25788 | Spider:4 | Got a gossamer rune of Zot
 26199 | Elf:1    | Entered Level 1 of the Elven Halls
 26204 | Elf:1    | Received a gift from Okawaru
 26489 | Elf:1    | Reached skill level 18 in Fighting
 26578 | Elf:1    | Received a gift from Okawaru
 27168 | Elf:2    | Found Ilekhur's One-of-a-Kind Books.
 27171 | Elf:2    | Found Cohisteo's Assorted Antiques.
 27183 | Elf:2    | Bought a scroll of enchant weapon for 337 gold pieces
 27274 | Elf:2    | Found a runed translucent gate.
 27274 | Elf:2    | Found a runed translucent gate.
 27285 | Elf:2    | Found a runed translucent gate.
 27411 | Elf:2    | Reached skill level 19 in Fighting
 27527 | Elf:2    | Received a gift from Okawaru
 27533 | Elf:2    | HP: 8/160 [+1 triple sword of pain (15)]
 27976 | Elf:2    | Reached XP level 19. HP: 160/168 MP: 25/25
 27991 | Elf:2    | Reached skill level 20 in Fighting
 28107 | Elf:2    | Received a gift from Okawaru
 28293 | Elf:3    | Entered Level 3 of the Elven Halls
 28598 | Elf:3    | HP: 5/170 [deep elf elementalist/fireball (56)]
 29175 | Elf:3    | Identified the +2 mace of the Modern Loafs {venom, *Slow
                  | +Blink Will+ rCorr}
 29175 | Elf:3    | Identified the +2 leather armour "Ulef" {^Drain rF+ Str+4
                  | Stlth+}
 29179 | Elf:3    | Identified the ring of Geol {Fly Will+ Int+3}
 29200 | Elf:3    | Reached skill level 21 in Fighting
 29207 | Elf:3    | Identified the +2 rapier of Twilight {protect, Int+2
                  | Stlth+}
 29213 | Elf:3    | Received a gift from Okawaru
 29408 | Elf:3    | Identified the +1 robe of Sif Muna's Grace {+Blink
                  | Archmagi}
 29583 | Elf:3    | Identified the +4 chain mail of Kequlopp {Str+4 Slay+2}
 29598 | Elf:3    | Identified the +0 scale mail of Feasting {Str+4 Dex+3}
 29640 | Elf:3    | Identified the staff "Zitie" {*Slow rN+ Str+5 Necro}
 29690 | Elf:3    | Identified the +5 spear "Ykoecuyhiw" {speed, Will+ SInv}
 29690 | Elf:3    | Identified the +1 leather armour "Xupsalucw" {Rampage +Inv
                  | MP+9}
 29722 | Elf:3    | Identified the +0 pair of boots of Sharp the Leaf {*Slow
                  | rC+++ Str+3 Dex+2}
 29936 | D:10     | You paid a toll of a +7 demon trident to enter a treasure
                  | trove
 29937 | Trove    | Entered a treasure trove
 29987 | Trove    | Got Sif Muna's Atlas of the Parabolic Fair Folk
 31017 | D:14     | Found a transporter.
 31043 | D:14     | Found a gate to the Vaults.
 31083 | D:14     | Noticed Rupert
 31087 | D:14     | Paralysed by Rupert for 2 turns
 31091 | D:14     | Killed Rupert
 31091 | D:14     | Received a gift from Okawaru
 31136 | D:14     | Found a transporter.
 31149 | D:14     | Found a bloodstained altar of Trog.
 31149 | D:14     | Noticed Archoef's ghost (journeyman HOFi)
 31360 | D:14     | Found a stormy altar of Qazlal.
 31570 | D:15     | Entered Level 15 of the Dungeon
 31629 | D:15     | Found a staircase to the Depths.
 31643 | D:15     | Noticed Kirke
 31648 | D:15     | Killed Kirke
 31961 | D:15     | Noticed Agnes
 31964 | D:15     | Killed Agnes
 31965 | D:15     | Reached XP level 20. HP: 182/182 MP: 26/26
 32437 | Vaults:1 | Entered Level 1 of the Vaults
 32666 | Vaults:1 | Received a gift from Okawaru
 32888 | Vaults:1 | Identified the +1 leather armour "Haifap" {rPois Regen+
                  | Str-3}
 33475 | Vaults:2 | Found Qaobror's Magic Scroll Shop.
 33533 | Vaults:2 | Found Gil Jeog's Antique Weapon Emporium.
 33541 | Vaults:2 | Found Qauvem's Distillery.
 33577 | Vaults:2 | Found a crumbling gateway.
 33582 | Desolati | Entered the Desolation of Salt
 33673 | Desolati | Received a gift from Okawaru
 33757 | Desolati | Identified the +5 spear of Simil {spect, rC++}
 34173 | Desolati | Received a gift from Okawaru
 34231 | Desolati | Identified the +13 crystal plate armour of the Old and
                  | Reckless {rPois rF- rC- Str+9}
 34282 | Desolati | Identified the +1 scale mail of the Wasteland {rElec}
 34293 | Desolati | Found the +3 pair of mountain boots {steadfast, rC+}
 34343 | Desolati | Got the Almanac of Coarse Orientation
 34577 | Desolati | Identified the +2 flail "Qorothr Juli" {freeze, Str+4
                  | Int+5}
 34589 | Desolati | Identified the +1 pair of boots "Izasal" {Dex+6}
 34794 | Vaults:2 | Bought a scroll of identify for 24 gold pieces
 34794 | Vaults:2 | Bought a scroll of enchant weapon for 90 gold pieces
 34850 | Vaults:2 | Reached XP level 21. HP: 180/180 MP: 27/27
 35097 | Vaults:2 | Reached skill level 22 in Fighting
 35265 | Vaults:2 | Found a staircase to the Crypt.
 35447 | Vaults:2 | Bought 2 potions of heal wounds for 180 gold pieces
 35447 | Vaults:2 | Bought a potion of curing for 54 gold pieces
 35447 | Vaults:2 | Bought a potion of curing for 54 gold pieces
 35447 | Vaults:2 | Bought a potion of mutation for 144 gold pieces
 35656 | Vaults:3 | Identified the +0 kite shield "Jemupn" {rPois Str+4}
 35656 | Vaults:3 | Noticed Asterion
 35667 | Vaults:3 | Killed Asterion
 35961 | Vaults:3 | Received a gift from Okawaru
 36405 | Vaults:3 | Found Ischaj's Antique Armour Shoppe.
 36479 | Vaults:3 | Received a gift from Okawaru
 36553 | Vaults:3 | Reached skill level 23 in Fighting
 36690 | Vaults:3 | Identified the +0 robe "Dyikusap" {Will+ Int+3}
 36730 | Abyss:2  | Found a corrupted altar of Lugonu.
 36730 | Abyss:2  | Cast into level 2 of the Abyss (a deep elf sorcerer)
 36747 | Abyss:2  | Found a corrupted altar of Lugonu.
 36754 | Abyss:2  | Found a corrupted altar of Lugonu.
 36764 | Vaults:3 | Escaped the Abyss
 37293 | Vaults:4 | Received a gift from Okawaru
 37685 | Vaults:4 | Reached skill level 24 in Fighting
 37809 | Vaults:4 | Found Fuuranoe's Book Shop.
 37956 | Vaults:4 | Received a gift from Okawaru
 38064 | Vaults:4 | Reached XP level 22. HP: 204/204 MP: 28/28
 38141 | Vaults:4 | Paralysed by something for 4 turns
 38152 | Vaults:4 | Paralysed by something for 5 turns
 38356 | Vaults:4 | Received a gift from Okawaru
 38497 | Vaults:4 | Reached skill level 25 in Fighting
 38560 | Vaults:5 | Entered Level 5 of the Vaults
 38582 | Vaults:5 | Noticed a dread lich
 38596 | Vaults:5 | Noticed an ancient lich
 38599 | Vaults:5 | Killed a dread lich
 38635 | Vaults:5 | Killed an ancient lich
 38732 | Vaults:5 | Received a gift from Okawaru
 38795 | Vaults:5 | Paralysed by an ogre mage for 3 turns
 38919 | Vaults:5 | Identified the +1 great mace "Docoalia" {venom, rF- rC++
                  | Will+}
 38927 | Vaults:5 | Got Ereshkigal's Grimoire of Confrontation
 39001 | Vaults:5 | Reached skill level 26 in Fighting
 39047 | Vaults:5 | Identified the +1 long sword of Zisched {drain, Int+3}
 39073 | Vaults:5 | Received a gift from Okawaru
 39139 | Vaults:5 | Noticed a golden dragon
 39160 | Vaults:5 | Killed a golden dragon
 39206 | Vaults:5 | Reached XP level 23. HP: 217/217 MP: 29/29
 39358 | Vaults:5 | Received a gift from Okawaru
 39359 | Vaults:5 | Reached skill level 27 in Fighting
 39528 | Vaults:5 | Noticed a dread lich
 39537 | Vaults:5 | Killed a dread lich
 39585 | Vaults:5 | Got a silver rune of Zot
 39741 | Vaults:5 | Identified the ring "Jeuh Tau" {rF+ rCorr SInv}
 39783 | Vaults:5 | Noticed a dread lich
 39805 | Vaults:5 | Killed a dread lich
 39805 | Vaults:5 | Received a gift from Okawaru
 40559 | Depths:1 | Entered Level 1 of the Depths
 40600 | Depths:1 | Found a one-way gate leading to the halls of Pandemonium.
 40770 | Depths:1 | Received a gift from Okawaru
 41053 | Depths:1 | Found Qabathiti's Jewellery Shoppe.
 41053 | Depths:1 | Found Uxzylech's Book Shop.
 41054 | Depths:1 | Found Punil's Jewellery Shoppe.
 41064 | Depths:1 | Bought the death talisman "Biesagi" {Fly rF+ Slay+3 Stlth-}
                  | for 4366 gold pieces
 41248 | Depths:1 | Found a gateway to Hell.
 41323 | Depths:1 | Found a sparkling altar of Nemelex Xobeh.
 41426 | Depths:1 | Reached skill level 1 in Shapeshifting
 41522 | Depths:2 | Noticed Norris
 41663 | Depths:2 | Received a gift from Okawaru
 41743 | Depths:2 | Reached skill level 5 in Shapeshifting
 41834 | Depths:2 | Reached XP level 24. HP: 227/227 MP: 29/29
 41847 | Depths:2 | Found a shimmering altar of Xom.
 41916 | Depths:2 | Killed Norris
 42001 | Depths:2 | Found a one-way gateway to a ziggurat.
 42057 | Depths:2 | Received a gift from Okawaru
 42562 | Depths:3 | Identified the +7 shortbow "Worm" {antimagic, Fly rC- Int+4
                  | Dex+8}
 42661 | Depths:3 | Noticed a juggernaut
 42661 | Depths:3 | Noticed a juggernaut
 42675 | Depths:3 | Killed a juggernaut
 42681 | Depths:3 | Killed a juggernaut
 42691 | Depths:3 | Paralysed by a sphinx for 2 turns
 42894 | Depths:3 | Got the Precepts of Pyromancy and Curses
 42902 | Depths:3 | Received a gift from Okawaru
 43066 | Depths:3 | Found a one-way gate to the infinite horrors of the Abyss.
 43205 | Depths:3 | Reached skill level 10 in Shapeshifting
 43510 | Depths:3 | Received a gift from Okawaru
 43870 | Depths:4 | Entered Level 4 of the Depths
 44008 | Depths:4 | Noticed a juggernaut
 44017 | Depths:4 | Killed a juggernaut
 44140 | Depths:4 | Found an iron altar of Okawaru.
 44281 | Depths:4 | Received a gift from Okawaru
 44399 | Depths:4 | Reached XP level 25. HP: 219/234 MP: 29/29
 44559 | Depths:4 | Found a gate to the Realm of Zot.
 44797 | Zot:1    | Entered Level 1 of the Realm of Zot
 44845 | Zot:1    | Identified the +4 falchion of Infection {flame, *Noise rN+
                  | Int+4}
 45321 | Zot:2    | Received a gift from Okawaru
 45641 | Zot:2    | Noticed an orb of fire
 45654 | Zot:2    | Killed an orb of fire
 46386 | Zot:3    | Reached skill level 15 in Shapeshifting
 47157 | Zot:3    | Identified the +1 mace of Zenarinn {elec, Fly rElec rF+}
 47572 | Zot:4    | Received a gift from Okawaru
 48525 | Zot:4    | Received a gift from Okawaru
 49351 | Slime:1  | Entered Level 1 of the Pits of Slime
 49396 | Slime:1  | Reached XP level 26. HP: 219/242 MP: 29/29
 49442 | Slime:3  | Paralysed by a formless jellyfish for 1 turns
 49651 | Slime:5  | Entered Level 5 of the Pits of Slime
 49679 | Slime:5  | Received a gift from Okawaru
 49771 | Slime:5  | Noticed the Royal Jelly
 49984 | Slime:5  | Found a viscous altar of Jiyva.
 50544 | Slime:5  | Killed the Royal Jelly
 50745 | Slime:5  | Found the +11 Singing Sword {sonic wave}
 50745 | Slime:5  | Found the +10 tower shield of Ignorance {rN+ Int-4}
 50759 | Slime:5  | Identified the staff of Kiufulun {rC+ Str+6 Summ Ice}
 50765 | Slime:5  | Identified the +2 great sword of the Hierophant {venom, rC+
                  | Dex+4}
 50818 | Slime:5  | Identified the +8 orcbow of the Mushroom {freeze, rElec rF+
                  | rCorr}
 50821 | Slime:5  | Identified the +4 quarterstaff of the Whale {venom, rElec
                  | Dex+2}
 50822 | Slime:5  | Identified the +0 robe of the Loofah {Int+4}
 50829 | Slime:5  | Identified the +3 leather armour of the Valley of Death
                  | {^Drain rCorr Int+6}
 50833 | Slime:5  | Identified the +0 leather armour of Dithmenos's Delight
                  | {Str+3}
 50926 | Slime:5  | Got a slimy rune of Zot
 50927 | Slime:5  | Identified the +5 sling of Wyte Cee {speed, Str+5}
 50930 | Slime:5  | Identified the +0 sling "Xaty" {speed, +Blink rC+ MP+9}
 50953 | Slime:5  | Identified the +1 robe "Bynyq" {Fly rF++ Archmagi}
 50977 | Slime:5  | Identified the +1 leather armour "Ovaz" {Dex+5 Stlth-}
 51349 | Pan      | Entered Pandemonium
 51405 | Pan      | Identified the +7 chain mail of Defiance {Regen+ Str+2
                  | Int+5}
 51506 | Pan      | Gained mutation: You have a beak for a mouth. [a neqoxec]
 51599 | Pan      | Received a gift from Okawaru
 51682 | Pan      | Gained mutation: You occasionally shout uncontrollably at
                  | your foes. [a cacodemon]
 51966 | Pan      | Gained mutation: You are dopey. (Int -2) [a neqoxec]
 51976 | Pan      | Gained mutation: You are vulnerable to cold. (rC-) [a
                  | cacodemon]
 52133 | Pan      | Gained mutation: Your magical capacity is low. (-10% MP) [a
                  | cacodemon]
 52141 | Pan      | Noticed Zog Gethoa the pandemonium lord
 52148 | Pan      | Killed Zog Gethoa the pandemonium lord
 52382 | Pan      | Received a gift from Okawaru
 52678 | Pan      | Got a demonic rune of Zot
 53068 | Pan      | Noticed Faef Jet the pandemonium lord
 53604 | Pan      | Entered the realm of Lom Lobon.
 54130 | Pan      | Reached XP level 27. HP: 239/249 MP: 21/26
 54352 | Pan      | Received a gift from Okawaru
 54441 | Pan      | Noticed Lom Lobon
 54790 | Pan      | Killed Lom Lobon
 54870 | Pan      | Got a magical rune of Zot
 55060 | Pan      | Lost mutation: You occasionally shout uncontrollably at
                  | your foes. [potion of mutation]
 55060 | Pan      | Lost mutation: You are vulnerable to cold. (rC-) [potion of
                  | mutation]
 55060 | Pan      | Lost mutation: You are dopey. (Int -2) [potion of mutation]
 55060 | Pan      | Gained mutation: Your flesh is heat resistant. (rF+)
                  | [potion of mutation]
 55074 | Pan      | Entered the realm of Mnoleg.
 55111 | Pan      | Lost mutation: Your magical capacity is low. (-10% MP) [a
                  | cacodemon]
 55154 | Pan      | Gained mutation: Your spells are a little easier to cast,
                  | but a little less powerful. [a cacodemon]
 55155 | Pan      | Gained mutation: You have hidden genetic defects. [a
                  | cacodemon]
 55251 | Pan      | Identified the +0 chain mail "Faicvagy" {Rampage rF+ Int+3}
 55592 | Pan      | Gained mutation: Your health recovers twice as slowly from
                  | being drained. [a neqoxec]
 55595 | Pan      | Slain by an ettin

Illustrated notes

Levels and vault maps discovered:
D:1:      wander_arrival_abandoned_jail, layout_rooms,
          chequers_ecumenical_altar_twisty
D:2:      layout_loops_corners, minmay_mini_jars
D:3:      layout_loops_cross, dk_yredelemnul_ordeal, serial_shops,
          nicolae_shop_rolled_up
D:4:      layout_cave_pools, serial_rivers, chequers_serial_rivers_marsh,
          chequers_serial_rivers_room_b, chequers_serial_rivers_micro_c,
          chequers_serial_rivers_room_a, chequers_serial_rivers_micro_e,
          chequers_serial_rivers_small_b, portal_sewer_entry_b,
          serial_bayou_lagoon_a, minmay_manual_mares
D:5:      layout_rooms, uniq_grinder
D:6:      layout_loops_ring, temple_green, biasface_ghost_orc_armoury,
          serial_bayou_ford_a, kb_lookout_dungeons_type,
          nicolae_underground_beach
D:7:      layout_basic, grunt_decor_one_mirror
D:8:      layout_basic, lemuel_coloured_pillars_altar, serial_bayou_pond_e,
          mrwooster_statue_mirror, minmay_small_thing
D:9:      layout_long_grid, orc_0_dummy, roderic_roman_lattice
D:10:     nicolae_BIG_FREAKIN_CUBE, layout_gridville, marbit_many_paths,
          nicolae_dithmenos_the_darkroom, david_lair_generic,
          nicolae_trove_entry_crossroad, uniq_urug
D:11:     layout_long_grid, serial_shops, nicolae_shop_tiny_statue_garden, shop,
          shop, nicolae_shop_hallway_stairs, shop, minmay_misc_feat_diagonals,
          grunt_ministairs_5, evilmike_ruin_ashenzari, uniq_josephine
D:12:     layout_stronghold
D:13:     layout_cave_pods
D:14:     layout_basic, david_vaults_2, hangedman_decor_riveting,
          gammafunk_ghost_wrathful_warriors, nicolae_qazlal_eye_of_the_storm,
          uniq_rupert
D:15:     hangedman_depths_entry_civil_slaughter, layout_grid_maze,
          hangedman_decor_opposing, uniq_agnes, uniq_kirke
Temple:   dpeg_three_leaves_temple
Lair:1:   layout_cave_pods, gammafunk_ghost_icy,
          portal_ice_cave_entry_pillars_1, grunt_megastairs_1
Lair:2:   layout_roguey, st_stairs_7
Lair:3:   layout_small_grid, mainiacjoe_shoals_entry_four_pools,
          nicolae_spider_entry_tight_spaces, infiniplex_staircase_pool_2,
          lemuel_fruit_fields, lemuel_fruit_fields
Lair:4:   gammafunk_boulding_lane, layout_regular_city,
          nicolae_slime_entry_slimehenge, basic_altar,
          nicolae_lair_grazing_beasts [nicolae_sub_lair_graze_edge,
          nicolae_sub_lair_graze_edge, nicolae_sub_lair_graze_edge,
          nicolae_sub_lair_graze_edge], infiniplex_staircase_pool
Lair:5:   gammafunk_lair_ancient_temple, layout_cave_shapes, basic_altar
Shoals:1: layout_shoals, uniq_louise
Shoals:2: layout_shoals
Shoals:3: layout_shoals, serial_shops, shop, nicolae_shoals_spring_well_temple
Shoals:4: shoals_end_grunt_garden, layout_shoals, shoal_ilsuiw, uniq_polyphemus
Spider:1: layout_spider_delve, hellmonk_test_site,
          hangedman_spider_tarantella_strand
Spider:2: layout_spider_delve, uniq_donald
Spider:3: layout_spider_delve, uniq_nikola, uniq_arachne
Spider:4: grunt_spider_rune_parallel
Slime:1:  layout_caves
Slime:2:  layout_caves
Slime:3:  layout_caves, basic_altar, nicolae_slime_rock_hall_of_fame
Slime:4:  nicolae_slime_infinislime, layout_caves,
          cheibrodos_slime_lost_civilization_7
Slime:5:  slime_pit_nicolae_trefoil
Orc:1:    layout_diamond_mine, serial_shops, nicolae_shop_behind_doors,
          nicolae_shop_getting_attention
Orc:2:    hellmonk_orc_salted, layout_caves, mines2_david
Elf:1:    layout_geoelf_diagonals, hangedman_elven_crosses_minicolossus
Elf:2:    nicolae_elf_blades_splatter_lattice [nicolae_blade_entry_pointy_end],
          layout_geoelf_octagon, serial_shops,
          nicolae_shop_pleasant_corner_grove, nicolae_elf_stone_circles,
          nicolae_rare_books
Elf:3:    minmay_elf_hall_not_hex, layout_geoelf_castle
Vaults:1: vaults_dpeg_encased_lava, vaults_room_corners, v_misc_24,
          vaults_mumra_hex, ontoclasm_vaults_shuriken,
          nicolae_vaults_sightless_eye, nicolae_vaults_trapezoid_2,
          layout_vaults_omnigrid
Vaults:2: portal_desolation_entry_nicolae_forbidding_blocks,
          minmay_crypt_entry_simple_box,
          vaults_standard_mumra_enter_the_diamond, vaults_room_door_hall,
          vaults_dpeg_hooks, nicolae_vaults_surprise_closet_hard,
          nicolae_vaults_door_testing_chamber, v_misc_28,
          vaults_room_semicircle, nicolae_vaults_trapezoid_lopsided_3,
          nicolae_vaults_heart-shaped_vault, nicolae_vaults_little_ls,
          layout_vaults_omnibox, serial_shops, nicolae_shop_peninsula,
          nicolae_shop_tiny_waterfront, nicolae_shop_window_shopping
Vaults:3: nicolae_vaults_shipping_containers_1, v_misc_2, v_alt_pattern_2,
          hangedman_vaults_maws, hangedman_vaults_trim,
          nicolae_vaults_oval_intersection, ontoclasm_vaults_twist,
          nicolae_vaults_storage_room_water, v_misc_25, hangedman_vaults_trim,
          layout_vaults_chaotic_city, serial_shops, nicolae_shop_waterfront,
          uniq_asterion
Vaults:4: v_misc_1, nicolae_vaults_apartment_1, v_misc_25, v_alt_pattern_6,
          v_rooms_3, nicolae_vaults_heart-shaped_vault, nicolae_vaults_cochlea,
          v_misc_9, lemuel_ogre_cave, hangedman_vaults_nails,
          ontoclasm_vaults_ring_square, ontoclasm_vaults_idyll,
          nicolae_vaults_tetromino_Z_1, layout_vaults_maze, serial_shops,
          nicolae_shop_window_shopping
Vaults:5
Depths:1: layout_honeycomb, minmay_misc_feat_room, grunt_pan_entry_zigzag,
          grunt_hell_entry_dis_mu, nemelex_diamond_rough_becter, firewood_loft,
          minmay_shop_grove
Depths:2: minmay_ornate_pinched, layout_basic, enter_ziggurat_a,
          rand_demon_pan_entry_1, xom_teletrap_fun, hell_entry,
          minmay_misc_feat_five, uniq_norris
Depths:3: minmay_dotted_concentric_squares, layout_gridlike,
          regret_index_abyss_entry_earlier_magic, minmay_misc_feat_square,
          hell_entry, evilmike_ambush [evilmike_ambush_outer_basic,
          evilmike_ambush_inner_basic], infiniplex_staircase_diamond
Depths:4: evilmike_zot_entry_round, layout_cave_pools, okawaru_gym_becter,
          regret_index_abyss_entry_already_here, hell_entry, st_stairs_14,
          uniq_josephina
Zot:1:    layout_misc_corridors
Zot:2:    layout_gridlike
Zot:3:    layout_cathedral_of_symmetry
Zot:4:    layout_cathedral_of_symmetry, grunt_megastairs_2
Pan:      pan_disco_hall, layout_gridlike, nicolae_pan_sigil_eeng,
          nicolae_pan_gloorx_vloqian_4, evilmike_mini_pan_corridor,
          layout_small_grid, special_room [special_room_demon_pit],
          grunt_pan_sceptre, layout_chambers, nicolae_pan_sigil_obb, lom_lobon,
          layout_long_grid, evilmike_mnoleg_eyes, layout_onion_city

Skill      XL: |  1  2  3  4  5  6  7  8  9 10 11 12 13 14 15 16 17 18 19 20 21 22 23 24 25 26 27 |
---------------+----------------------------------------------------------------------------------+-----
Ranged Weapons | 4 5 6 7 8 9 12 14 15 17 18 | 18.0
Dodging        | 6 10 11 13 16 19 20 21 | 21.6
Fighting       | 5 7 10 13 15 16 19 21 24 26 27 | 27.0
Armour         | 3 8 |  8.6
Invocations    | 5 8 |  8.0
Shapeshifting  | 6 12 16 20 21 | 21.2
Stealth        | |  0.7

Action                     |  1- 3 |  4- 6 |  7- 9 | 10-12 | 13-15 | 16-18 | 19-21 | 22-24 | 25-27 || total
---------------------------+-------+-------+-------+-------+-------+-------+-------+-------+-------++-------
  Melee: Hand cannon       |       |       |       |       |       |       |     1 |     1 |     5 ||     7
         Sling             |       |       |       |       |       |       |     1 |     1 |     4 ||     6
   Fire: Sling             |   154 |   180 |   708 |  1671 |   757 |  1015 |  1316 |  1382 |  1584 ||  8767
         Hand cannon       |       |       |       |    73 |   757 |  1015 |  1316 |  1382 |  1584 ||  6127
 Invoke: Receive Weapon    |       |       |       |     1 |       |       |       |       |       ||     1
         Receive Armour    |       |       |       |     1 |       |       |       |       |       ||     1
         Finesse           |       |       |       |       |       |     6 |     6 |    10 |    13 ||    35
Ability: Invent Gizmo      |       |       |       |       |     1 |       |       |       |       ||     1
  Evoke: Wand              |       |       |       |     8 |       |       |       |       |       ||     8
         Gell's gravitambo |       |       |       |       |       |       |       |       |     1 ||     1
    Use: Scroll            |     1 |     8 |     2 |    11 |    10 |    10 |     9 |     7 |    20 ||    78
         Potion            |       |       |     3 |     6 |     1 |     4 |     2 |     7 |    20 ||    43
 Armour: Leather armour    |    19 |    12 |    71 |   296 |    94 |       |       |       |       ||   492
         Skin              |       |       |       |     8 |       |       |     2 |       |       ||    10
         Troll leather arm |       |       |       |       |   104 |   377 |   332 |   372 |   453 ||  1638
  Dodge: Dodged            |    15 |    16 |   139 |   465 |   270 |   456 |   548 |   665 |   793 ||  3367
         Form:             |       |       |       |       |       |       |       |       |     1 ||     1
         Death             |       |       |       |       |       |       |       |       |     1 ||     1

Table legend: (Time is in decaauts)
 A = Elapsed time spent in this place.
 B = Non-inter-level travel time spent in this place.
 C = Inter-level travel time spent in this place.
 D = Time resting spent in this place.
 E = Time spent auto-exploring this place.
 F = Levels seen in this place.
 G = Mean time per level.
                   A        B        C        D        E       F      G
               +--------+--------+--------+--------+--------+-----+--------+
         Total |  54823 |  50912 |   3911 |   1854 |  38599 |  62 |  884.2 |
       Dungeon |  14198 |  12939 |   1259 |    316 |  10595 |  15 |  946.5 |
        Temple |     20 |     11 |      9 |      0 |      0 |   1 |   20.0 |
          Lair |   6992 |   5968 |   1024 |    245 |   4652 |   5 | 1398.4 |
        Shoals |   3028 |   2850 |    178 |     33 |   2181 |   4 |  757.0 |
   Spider Nest |   3503 |   3283 |    220 |      0 |   2665 |   4 |  875.8 |
    Slime Pits |   1579 |   1507 |     72 |    347 |    586 |   5 |  315.8 |
  Orcish Mines |   1123 |    915 |    208 |      0 |    685 |   2 |  561.5 |
   Elven Halls |   3555 |   3374 |    181 |     63 |   2649 |   3 | 1185.0 |
        Vaults |   6603 |   6290 |    313 |    176 |   4632 |   5 | 1320.6 |
        Depths |   4227 |   3990 |    237 |    138 |   2904 |   4 | 1056.8 |
           Zot |   4103 |   3894 |    209 |     54 |   3288 |   4 | 1025.8 |
         Abyss |     33 |     33 |      0 |      0 |     24 |   1 |   33.0 |
   Pandemonium |   4071 |   4071 |      0 |    371 |   2617 |   5 |  814.2 |
         Trove |     84 |     84 |      0 |      0 |     72 |   1 |   84.0 |
         Sewer |    362 |    362 |      0 |      0 |    262 |   1 |  362.0 |
      Ice Cave |    206 |    206 |      0 |      0 |    148 |   1 |  206.0 |
    Desolation |   1128 |   1128 |      0 |    108 |    636 |   1 | 1128.0 |
               +--------+--------+--------+--------+--------+-----+--------+

Top non-repeatable levels by time:
    D:10: 2173 daAuts
  Lair:3: 1980 daAuts
Vaults:5: 1627 daAuts
     D:2: 1613 daAuts
  Lair:1: 1600 daAuts
   Zot:4: 1500 daAuts
   Elf:3: 1445 daAuts
Vaults:4: 1378 daAuts
  Lair:4: 1358 daAuts
Vaults:3: 1352 daAuts
 Slime:5: 1259 daAuts
Depths:3: 1255 daAuts
   Zot:3: 1247 daAuts
Vaults:2: 1180 daAuts
  Lair:2: 1163 daAuts
